 Dungeon Crawl Stone Soup version 0.26-a0-30-g56b8cd3df0 (webtiles) character file.

Game seed: 10400415546093025722, levelgen mode: deterministic

68 Hasart the Grave Robber (level 4, -8/30 HPs)
             Began as a Demonspawn Necromancer on June 3, 2020.
             Mangled by a gnoll
             ... wielding a +2 spear of venom
              (11 damage)
             ... on level 3 of the Dungeon.
             The game lasted 00:04:00 (2670 turns).

Hasart the Grave Robber (Demonspawn Necromancer)    Turns: 2670, Time: 00:04:02

Health: -8/30      AC:  3    Str:  5 (8)  XL:     4   Next: 1%
Magic:  7/7        EV: 12    Int: 17 (18) God:
Gold:   33         SH:  0    Dex: 10 (13) Spells: 7/8 levels left

rFire    . . .     SeeInvis .   m - +0 hand axe
rCold    . . .     Gourm    .   (no shield)
rNeg     + . .     Faith    .   a - +0 robe
rPois    .         Spirit   .   f - +0 helmet
rElec    .         Reflect  .   (no cloak)
rCorr    .         Harm     .   (no gloves)
MR       .....                  (no boots)
Stlth    ++........             (no amulet)
HPRegen  0.10/turn              e - ring of positive energy
MPRegen  0.10/turn              (no ring)

@: lethally poisoned (-8 -> -21)
A: claws 1, rot immunity
a: no special abilities


You were on level 3 of the Dungeon.
You were not hungry.

You visited 1 branch of the dungeon, and saw 3 of its levels.

You collected 33 gold pieces.

Inventory:

Hand Weapons
 m - a +0 hand axe (weapon)
Armour
 a - a +0 robe (worn)
 f - a +0 helmet (worn)
Jewellery
 e - a ring of positive energy (left claw)
Scrolls
 d - a scroll of magic mapping {unknown}
 g - a scroll of identify {unknown}
 h - a scroll of enchant armour {unknown}
 i - a scroll of remove curse
Comestibles
 c - 4 rations


   Skills:
 + Level 2.4 Dodging
 - Level 1.7 Stealth
 + Level 2.5 Spellcasting
 * Level 5.3 Necromancy


You had 7 spell levels left.
You knew the following spells:

 Your Spells              Type           Power        Failure   Level  Hunger
a - Pain                  Necr           ###.         1%          1    #......

Your spell library contained the following spells:

 Spells                   Type           Power        Failure   Level  Hunger
 Animate Skeleton         Necr           N/A          1%          1    #......
 Vampiric Draining        Necr           ###.......   6%          3    ###....
 Animate Dead             Necr           N/A          21%         4    #####..
 Agony                    Necr           ###.....     50%         5    ######.


Dungeon Overview and Level Annotations

Branches:
Dungeon (3/15)

Altars:


Innate Abilities, Weirdness & Mutations

You have sharp fingernails.
You are immune to rotting.


Message History

You feel sick.
* * * LOW HITPOINT WARNING * * *
You feel sick.
* * * LOW HITPOINT WARNING * * *
You feel sick.
It was a potion of magic.
Magic courses through your body.
* * * LOW HITPOINT WARNING * * *
You feel sick.
It was a potion of degeneration.
There was something very wrong with that liquid.
You feel weakened.
You feel dopey.
You feel clumsy.
* * * LOW HITPOINT WARNING * * *
You feel sick. The gnoll barely misses you. The gnoll completely misses you.
You hit the gnoll.
The gnoll is severely wounded.
* * * LOW HITPOINT WARNING * * *
You feel sick. The gnoll hits you.
* * * LOW HITPOINT WARNING * * *
The gnoll hits you from afar with a +2 spear of venom!
You die...

..........(# #........
...........###........
.........(.....(....#
....................#
#.....###...........#
#..).. #...Kg......#
#..g. ######.g....##
#.... #.g.....# #...
#..@....# #...
#.......# #.......##
#........#+#######
#......#..........
#......#..........
#.)....##.........
#########.........
#######>####..


You could see 3 gnolls and a kobold.

Vanquished Creatures
  A gnoll (D:3)
  2 worms
  A dart slug (D:2)
  A leopard gecko (D:1)
  3 ball pythons
  5 giant cockroaches
  5 goblins
  8 hobgoblins
  A quokka (D:2)
  5 bats
  4 frilled lizards
  5 kobolds
  5 rats
46 creatures vanquished.

Notes
Turn   | Place    | Note
-------+----------+-------------------------------------------
     0 | D:1      | Hasart the Demonspawn Necromancer began the quest for the
                  | Orb.
     0 | D:1      | Reached XP level 1. HP: 13/13 MP: 3/3
   292 | D:1      | Gained mutation: You are immune to rotting. [demonic
                  | ancestry]
   292 | D:1      | Reached XP level 2. HP: 15/19 MP: 0/5
  1225 | D:2      | Reached skill level 5 in Necromancy
  1283 | D:2      | Reached XP level 3. HP: 24/24 MP: 4/6
  1316 | D:2      | Found a faded altar of an unknown god.
  2664 | D:3      | Gained mutation: You have sharp fingernails. [demonic
                  | ancestry]
  2664 | D:3      | Reached XP level 4. HP: 15/30 MP: 0/7
  2670 | D:3      | Mangled by a gnoll

Illustrated notes

Levels and vault maps discovered:
D:1:      lightli_arrival_quake, layout_rooms, serial_forest,
          infiniplex_forest_zigzag_1, infiniplex_forest_clump_tiny,
          infiniplex_forest_zigzag_1, infiniplex_forest_clump_diagonal,
          infiniplex_forest_lined_2, infiniplex_forest_clump_diagonal,
          infiniplex_forest_end_double, infiniplex_forest_clump_curved,
          infiniplex_forest_lined_room_, minmay_strange_pillars,
          minmay_misc_feat_doors, hangedman_abyss_or_decor_lesser_grid,
          serial_bayou_crossing
D:2:      layout_rooms, chequers_ecumenical_altar_simple
D:3:      layout_basic

Skill      XL: |  1  2 |
---------------+-------+-----
Dodging        | 2 |  2.4
Necromancy     | 5 |  5.3
Stealth        | |  1.7
Spellcasting   | |  2.5

Action                   |  1- 3 |  4- 6 || total
-------------------------+-------+-------++-------
Melee: Unarmed           |     5 |       ||     5
       Club              |     9 |       ||     9
       Hand axe          |       |     1 ||     1
 Cast: Pain              |   103 |     1 ||   104
  Use: Scroll            |     1 |       ||     1
       Potion            |       |     2 ||     2
  Eat: Chunk             |     6 |       ||     6
Armor: Robe              |     6 |       ||     6
Dodge: Dodged            |    26 |     2 ||    28

Table legend:
 A = Non-vault XP
 B = Vault XP
 C = Vault XP percentage of total XP
 D = Non-vault monster count
 E = Vault monster count
 F = Vault count percentage of total count
                 A         B        C        D         E       F
            +---------+---------+-------+---------+---------+-------
      Total |      98 |       0 |   0.0 |      46 |       0 |   0.0
            +---------+---------+-------+---------+---------+-------
        D:1 |      33 |       0 |   0.0 |      21 |       0 |   0.0
        D:2 |      30 |       0 |   0.0 |      14 |       0 |   0.0
        D:3 |      35 |       0 |   0.0 |      11 |       0 |   0.0
            +---------+---------+-------+---------+---------+-------
